TOP OF THE 1ST |
---|
Portland Cards batting - Pitching for Chicago Machine : RHP Francisco Álvarez | Pitching: RHP Francisco Álvarez | | Batting: RHB Dani Vázquez | 0-0: Foul Ball, location: 2F 0-1: Ball 1-1: Ball 2-1: Ball 3-1: Base on Balls | Batting: RHB António Zúñiga | 0-0: Fly out, F7 (Flyball, 7S) | Batting: LHB Jeff Daniels | 0-0: Fly out, F3 (Line Drive, 3) | Batting: LHB José Garza | 0-0: Ball 1-0: Fly out, F7 (Flyball, 7LM) | Top of the 1st over - 0 runs, 0 hits, 0 errors, 1 left on base; Portland 0 - Chicago 0 | BOTTOM OF THE 1ST |
---|
Chicago Machine batting - Pitching for Portland Cards : RHP Manuel Fuentes | Pitching: RHP Manuel Fuentes | | Batting: RHB Nick Harris | 0-0: Foul Ball, location: 2F 0-1: Ball 1-1: Foul Ball, location: 2F 1-2: Ball 2-2: SINGLE (Line Drive, 8RS) | Batting: SHB José Alomar | 0-0: Ball 1-0: Ball 2-0: Ball Nick Harris is caught stealing 2nd base 3-0: Called Strike 3-1: Swinging Strike 3-2: Base on Balls | Batting: RHB Doug Stephens | 0-0: Ball 1-0: Ground out 5-3 (Groundball, 56S) José Alomar to second | Batting: LHB José González | 0-0: Called Strike 0-1: Ball 1-1: Ball 2-1: DOUBLE (Line Drive, 7LM) José Alomar scores | Batting: LHB Fernando Ortíz | 0-0: Called Strike 0-1: Ground out 5-3 (Groundball, 5) | Bottom of the 1st over - 1 run, 2 hits, 0 errors, 1 left on base; Portland 0 - Chicago 1 | TOP OF THE 2ND |
---|
Portland Cards batting - Pitching for Chicago Machine : RHP Francisco Álvarez | Batting: LHB Paul Mullins | 0-0: Ball 1-0: Foul Ball, location: 2F 1-1: Ball 2-1: Ball 3-1: SOLO HOME RUN (Flyball, 78XD), Distance : 440 ft | Batting: RHB Manolo Román | 0-0: Swinging Strike 0-1: Called Strike 0-2: Ball 1-2: Ball 2-2: Strikes out swinging | Batting: RHB Aaron Scott | 0-0: Ball 1-0: Called Strike 1-1: Called Strike 1-2: Strikes out swinging | Batting: LHB Nick Scott | 0-0: Called Strike 0-1: Swinging Strike 0-2: Ball 1-2: Strikes out swinging, 2-3 out at first. | Top of the 2nd over - 1 run, 1 hit, 0 errors, 0 left on base; Portland 1 - Chicago 1 | BOTTOM OF THE 2ND |
---|
Chicago Machine batting - Pitching for Portland Cards : RHP Manuel Fuentes | Batting: RHB Pablo Sandoval | 0-0: Swinging Strike 0-1: Ball 1-1: Ball 2-1: TRIPLE (Line Drive, 7D) | Batting: RHB Gonzalo Gil | 0-0: Ball 1-0: DOUBLE (Line Drive, 7LM) Pablo Sandoval scores | Batting: LHB Denny Poole | 0-0: Ball Gonzalo Gil steals 3rd base 1-0: Called Strike 1-1: Ball 2-1: Ball 3-1: Base on Balls | Batting: SHB Edward Bartlett | 0-0: Swinging Strike 0-1: Ball 1-1: Ball 2-1: Ball 3-1: SINGLE (Groundball, 6MD) Gonzalo Gil scores Denny Poole to second | Batting: RHB Nick Harris | 0-0: Ball 1-0: Foul Ball, location: 2F 1-1: Ball 2-1: DOUBLE (Line Drive, 7LS) Denny Poole scores Edward Bartlett to third | Batting: SHB José Alomar | 0-0: Called Strike 0-1: Ball 1-1: Ball 2-1: Ground out U3 (Groundball, 3L) | Batting: RHB Doug Stephens | 0-0: Called Strike 0-1: Ball 1-1: Ball 2-1: Called Strike 2-2: Foul Ball, location: 2F 2-2: Foul Ball, location: 2F 2-2: Ground out 6-3 (Groundball, 56D) Edward Bartlett scores | Batting: LHB José González | 0-0: Called Strike 0-1: Ground out 4-3 (Groundball, 4) | Bottom of the 2nd over - 4 runs, 4 hits, 0 errors, 1 left on base; Portland 1 - Chicago 5 | TOP OF THE 3RD |
---|
Portland Cards batting - Pitching for Chicago Machine : RHP Francisco Álvarez | Batting: RHB Robert Bly | 0-0: Called Strike 0-1: Ball 1-1: Ball 2-1: Foul Ball, location: 2F 2-2: Strikes out swinging, 2-3 out at first. | Batting: RHB Dani Vázquez | 0-0: Ball 1-0: Called Strike 1-1: Ball 2-1: Foul Ball, location: 2F 2-2: Ball 3-2: Foul Ball, location: 2F 3-2: Fly out, F7 (Flyball, 78M) | Batting: RHB António Zúñiga | 0-0: Ball 1-0: Ball 2-0: Foul Ball, location: 2F 2-1: SINGLE (Flyball, 89M) | Batting: LHB Jeff Daniels | 0-0: Ball 1-0: Called Strike 1-1: Called Strike 1-2: SINGLE (Line Drive, 4MD) António Zúñiga to second | Batting: LHB José Garza | 0-0: Fly out, F3 (Popup, 3SF) | Top of the 3rd over - 0 runs, 2 hits, 0 errors, 2 left on base; Portland 1 - Chicago 5 | BOTTOM OF THE 3RD |
---|
Chicago Machine batting - Pitching for Portland Cards : RHP Manuel Fuentes | Batting: LHB Fernando Ortíz | 0-0: Swinging Strike 0-1: Swinging Strike 0-2: Ball 1-2: Foul Ball, location: 2F 1-2: Foul Ball, location: 2F 1-2: Foul Ball, location: 2F 1-2: Foul Ball, location: 2F 1-2: Strikes out swinging | Batting: RHB Pablo Sandoval | 0-0: Called Strike 0-1: Swinging Strike 0-2: Foul Ball, location: 2F 0-2: Ball 1-2: Foul Ball, location: 2F 1-2: Foul Ball, location: 2F 1-2: Ball 2-2: Fly out, F3 (Popup, 23F) | Batting: RHB Gonzalo Gil | 0-0: Foul Ball, location: 2F 0-1: SINGLE (Groundball, 13S) (infield hit) | Batting: LHB Denny Poole | 0-0: Called Strike Gonzalo Gil is caught stealing 2nd base | Bottom of the 3rd over - 0 runs, 1 hit, 0 errors, 0 left on base; Portland 1 - Chicago 5 | TOP OF THE 4TH |
---|
Portland Cards batting - Pitching for Chicago Machine : RHP Francisco Álvarez | Batting: LHB Paul Mullins | 0-0: Called Strike 0-1: Ball 1-1: Ball 2-1: Foul Ball, location: 2F 2-2: Fly out, F8 (Flyball, 8LD) | Batting: RHB Manolo Román | 0-0: Ball 1-0: Ball 2-0: Foul Ball, location: 2F 2-1: Fly out, F8 (Flyball, 8RD) | Batting: RHB Aaron Scott | 0-0: Fly out, F7 (Line Drive, 7D) | Top of the 4th over - 0 runs, 0 hits, 0 errors, 0 left on base; Portland 1 - Chicago 5 | BOTTOM OF THE 4TH |
---|
Chicago Machine batting - Pitching for Portland Cards : RHP Manuel Fuentes | Batting: LHB Denny Poole | 0-0: Called Strike 0-1: Ball 1-1: Foul Ball, location: 2F 1-2: Foul Ball, location: 2F 1-2: Ground out 1-3 (Groundball, 13S) | Batting: SHB Edward Bartlett | 0-0: Ball 1-0: Called Strike 1-1: Ground out 4-3 (Groundball, 4M) | Batting: RHB Nick Harris | 0-0: Ball 1-0: Ball 2-0: Ground out 4-3 (Groundball, 4) | Bottom of the 4th over - 0 runs, 0 hits, 0 errors, 0 left on base; Portland 1 - Chicago 5 | TOP OF THE 5TH |
---|
Portland Cards batting - Pitching for Chicago Machine : RHP Francisco Álvarez | Pitching: RHP Víctor Reyes | | Batting: LHB Nick Scott | 0-0: Called Strike 0-1: Ball 1-1: Swinging Strike 1-2: Strikes out looking | Batting: RHB Robert Bly | 0-0: Ball 1-0: Ball 2-0: Called Strike 2-1: Swinging Strike 2-2: Strikes out swinging | Batting: RHB Dani Vázquez | 0-0: Called Strike 0-1: Ball 1-1: Ball 2-1: Ball 3-1: Base on Balls | Batting: RHB António Zúñiga | 0-0: Called Strike 0-1: DOUBLE (Flyball, 8RXD) Dani Vázquez to third Runner from 3rd tries for Home, SAFE, no throw | Batting: LHB Jeff Daniels | 0-0: Ball 1-0: Fly out, F8 (Flyball, 78M) | Top of the 5th over - 1 run, 1 hit, 0 errors, 1 left on base; Portland 2 - Chicago 5 | BOTTOM OF THE 5TH |
---|
Chicago Machine batting - Pitching for Portland Cards : RHP Manuel Fuentes | Pitching: RHP César Menéndez | | Batting: SHB José Alomar | 0-0: Ball 1-0: Called Strike 1-1: Fly out, F9 (Flyball, 9S) | Batting: RHB Doug Stephens | 0-0: Foul Ball, location: 2F 0-1: Ball 1-1: Called Strike 1-2: Foul Ball, location: 2F 1-2: SOLO HOME RUN (Flyball, 7D), Distance : 397 ft | Batting: LHB José González | 0-0: Called Strike 0-1: Fly out, F7 (Flyball, 7LS) | Batting: LHB Fernando Ortíz | 0-0: Ball 1-0: Ball 2-0: Fly out, F8 (Flyball, 8RD) | Bottom of the 5th over - 1 run, 1 hit, 0 errors, 0 left on base; Portland 2 - Chicago 6 | TOP OF THE 6TH |
---|
Portland Cards batting - Pitching for Chicago Machine : RHP Víctor Reyes | Batting: LHB José Garza | 0-0: Ball 1-0: Called Strike 1-1: Swinging Strike 1-2: Ball 2-2: Strikes out swinging | Batting: LHB Paul Mullins | 0-0: Called Strike 0-1: Called Strike 0-2: Ball 1-2: Ball 2-2: Ground out 4-3 (Groundball, 4) | Batting: RHB Manolo Román | 0-0: Ball 1-0: Foul Ball, location: 2F 1-1: Foul Ball, location: 2F 1-2: Foul Ball, location: 2F 1-2: Strikes out looking | Top of the 6th over - 0 runs, 0 hits, 0 errors, 0 left on base; Portland 2 - Chicago 6 | BOTTOM OF THE 6TH |
---|
Chicago Machine batting - Pitching for Portland Cards : RHP César Menéndez | Batting: RHB Pablo Sandoval | 0-0: Called Strike 0-1: Fly out, F9 (Flyball, 9LMF) | Batting: RHB Gonzalo Gil | 0-0: Swinging Strike 0-1: Ball 1-1: SINGLE (Groundball, 5D) | Batting: LHB Denny Poole | 0-0: Fly out, F8 (Flyball, 8LXD) | Batting: SHB Edward Bartlett | 0-0: Called Strike Gonzalo Gil steals 2nd base 0-1: Called Strike 0-2: SINGLE (Line Drive, 56D) Gonzalo Gil to third Runner from 3rd tries for Home, throw and OUT! | Bottom of the 6th over - 0 runs, 2 hits, 0 errors, 1 left on base; Portland 2 - Chicago 6 | TOP OF THE 7TH |
---|
Portland Cards batting - Pitching for Chicago Machine : RHP Víctor Reyes | Batting: RHB Aaron Scott | 0-0: Foul Ball, location: 2F 0-1: Swinging Strike 0-2: Ball 1-2: Ball 2-2: Strikes out swinging, 2-3 out at first. | Batting: LHB Nick Scott | 0-0: Ball 1-0: Foul Ball, location: 2F 1-1: Ball 2-1: Ball 3-1: Base on Balls | Batting: RHB Robert Bly | 0-0: Called Strike 0-1: Ball 1-1: Foul Ball, location: 2F 1-2: Grounds into double play, 6-4-3 (Groundball, 6) | Top of the 7th over - 0 runs, 0 hits, 0 errors, 0 left on base; Portland 2 - Chicago 6 | BOTTOM OF THE 7TH |
---|
Chicago Machine batting - Pitching for Portland Cards : RHP César Menéndez | Pinch Hitting: LHB Bernardo Montés | 0-0: Called Strike 0-1: Ball 1-1: Ball 2-1: Ball 3-1: SINGLE (Line Drive, 34) | Pinch Hitting: RHB Roberto Tobías | 0-0: Bunt missed! 0-1: Ball 1-1: Ball 2-1: Sac Bunt - play at first, batter OUT! 1-4 Bernardo Montés to second | Batting: RHB Doug Stephens | 0-0: Intentional Walk | Pitching: LHP Eduardo Trujillo | | Pinch Hitting: RHB Will Lott | 0-0: Ball 1-0: SINGLE (Groundball, 6MD) Bernardo Montés to third Doug Stephens to second Runner from 3rd tries for Home, throw and OUT! | Batting: RHB Jesse McKnight | 0-0: Called Strike 0-1: Ball 1-1: Ball 2-1: Swinging Strike 2-2: Ball 3-2: Foul Ball, location: 2F 3-2: Foul Ball, location: 2F 3-2: Strikes out swinging | Bottom of the 7th over - 0 runs, 2 hits, 0 errors, 2 left on base; Portland 2 - Chicago 6 | TOP OF THE 8TH |
---|
Portland Cards batting - Pitching for Chicago Machine : RHP Víctor Reyes | Pitching: RHP Craig Smith | | Now in LF: Bernardo Montés | | Now in CF: Carl O'Dell | | Now in RF: Ken Nelson | | Pinch Hitting: RHB Jared Thompson | 0-0: Ball 1-0: Ball 2-0: Ground out 1-3 (Groundball, P) | Pinch Hitting: LHB Chance Santry | 0-0: Ball 1-0: Ball 2-0: Called Strike 2-1: SINGLE (Line Drive, 5L) | Batting: RHB Peter Hensley | 0-0: Called Strike 0-1: DOUBLE (Groundball, 5L) Chance Santry to third | Pinch Hitting: RHB Jesús Gutiérrez | 0-0: Called Strike 0-1: Ball 1-1: Fly out, F8 (Flyball, 8RS) | Batting: LHB Paul Mullins | 0-0: Called Strike 0-1: Ground out 5-3 (Groundball, 15S) | Top of the 8th over - 0 runs, 2 hits, 0 errors, 2 left on base; Portland 2 - Chicago 6 | BOTTOM OF THE 8TH |
---|
Chicago Machine batting - Pitching for Portland Cards : LHP Eduardo Trujillo | Pitching: RHP José González | | Now at SS: Jesús Gutiérrez | | Now in CF: Jared Thompson | | Now in RF: Chance Santry | | Pinch Hitting: LHB Tanyu Imai | 0-0: Swinging Strike 0-1: SINGLE (Groundball, 4MD) | Pinch Hitting: RHB Tony Parker | 0-0: Ball 1-0: Swinging Strike 1-1: Ball 2-1: Fielders Choice at 2nd, 1-6 (Groundball, P) | Pinch Hitting: SHB Lee Townsend | 0-0: Called Strike 0-1: Foul Ball, location: 2F 0-2: Foul Ball, location: 2F 0-2: Fly out, F8 (Flyball, 8RD) | Pinch Hitting: RHB Raúl Bauza | 0-0: Called Strike 0-1: DOUBLE (Line Drive, 7LM) Tony Parker to third Runner from 3rd tries for Home, SAFE, no throw | Batting: LHB Bernardo Montés | 0-0: Called Strike 0-1: Ground out 5-3 (Groundball, 5) | Bottom of the 8th over - 1 run, 2 hits, 0 errors, 1 left on base; Portland 2 - Chicago 7 | TOP OF THE 9TH |
---|
Portland Cards batting - Pitching for Chicago Machine : RHP Craig Smith | Now at C: Héctor Cruz | | Now at 2B: Raúl Bauza | | Now at 3B: Tony Parker | | Now at SS: Javier Peña | | Now in LF: Tanyu Imai | | Pinch Hitting: RHB Pablo Castillo | 0-0: Ball 1-0: Ground out 6-3 (Groundball, 6M) | Pinch Hitting: LHB Jesús Raugel | 0-0: Foul Ball, location: 2F 0-1: Swinging Strike 0-2: Foul Ball, location: 2F 0-2: Strikes out swinging | Batting: LHB Nick Scott | 0-0: Called Strike 0-1: Called Strike 0-2: Strikes out swinging | Top of the 9th over - 0 runs, 0 hits, 0 errors, 0 left on base; Portland 2 - Chicago 7 | |